 Dungeon Crawl Stone Soup version 0.19-a0-1738-gbb2db12 (webtiles) character file.

1488 Naow the Cleaver (level 8, -5/66 HPs)
             Began as a Minotaur Berserker on Oct 1, 2016.
             Was a Priest of Trog.
             Slain by an orc warrior
             ... wielding a +0 halberd
              (22 damage)
             ... on level 6 of the Dungeon.
             The game lasted 00:08:24 (4635 turns).

Naow the Cleaver (Minotaur Berserker)               Turns: 4635, Time: 00:08:24

Health: -5/66      AC:  5    Str: 22    XL:     8   Next: 51%
Magic:  7/7        EV: 11    Int:  6    God:    Trog [***...]
Gold:   244        SH:  0    Dex: 10    Spells: 0 memorised, 7 levels left

rFire  . . .     SeeInvis .     a - +0 hand axe
rCold  . . .     Gourm    .     u - +0 ring mail
rNeg   . . .     Faith    .     (no shield)
rPois  .         Spirit   .     (helmet restricted)
rElec  .         Dismiss  .     (no cloak)
rCorr  .         Reflect  .     (no gloves)
MR     .....     Harm     .     (no boots)
Stlth  ..........               (no amulet)
                                (no ring)
                                (no ring)

@: exhausted, slowed, drained, very slow
A: retaliatory headbutt, horns 2
a: Berserk, Trog's Hand, Burn Spellbooks, Renounce Religion


You were on level 6 of the Dungeon.
You worshipped Trog.
Trog was most pleased with you.
You were hungry.

You visited 1 branch of the dungeon, and saw 6 of its levels.

You collected 244 gold pieces.

Inventory:

Hand Weapons
 a - a +0 hand axe (weapon)
 K - a +1 hand axe
Armour
 b - a +0 animal skin
 u - a +0 ring mail (worn)
Jewellery
 x - an uncursed ring of see invisible {unknown}
Wands
 s - a wand of paralysis (8/24)
 A - a wand of hasting (2/9)
 D - a wand of disintegration (14/24)
 I - a wand of lightning (9/15)
Scrolls
 e - 5 scrolls of identify {unknown}
 g - 3 scrolls of remove curse {unknown}
 m - a scroll of recharging {unknown}
 v - a scroll of blinking {unknown}
 w - 4 scrolls of teleportation {unknown}
 y - a scroll of noise {unknown}
 C - a scroll of enchant armour {unknown}
 E - a scroll of enchant weapon {unknown}
 F - 2 scrolls of fear {unknown}
 L - a scroll of brand weapon {unknown}
 M - a scroll of fog {unknown}
Potions
 d - a potion of mutation {unknown}
 f - 2 potions of brilliance {unknown}
 i - a potion of lignification {unknown}
 l - 2 potions of degeneration {unknown}
 n - 6 potions of flight {unknown}
 p - a potion of resistance {unknown}
 q - 2 potions of magic {unknown}
 r - a potion of ambrosia {unknown}
 t - a potion of agility {unknown}
 z - a potion of might {unknown}
 B - 3 potions of curing {unknown}
 G - a potion of heal wounds {unknown}
 H - a potion of cancellation {unknown}
Comestibles
 c - 4 bread rations
 h - 3 meat rations
 j - 2 slices of pizza
 k - 3 beef jerkies
 o - 3 royal jellies
 J - 7 chunks of flesh


   Skills:
 - Level 4.0(3.9) Fighting
 + Level 12.6(12.5) Axes
 - Level 2.4(2.3) Armour
 - Level 2.3(2.2) Dodging


You had 7 spell levels left.
You didn't know any spells.

Dungeon Overview and Level Annotations

Branches:
Dungeon (6/15)             Temple (0/1) D:5

Altars:
Dithmenos
Fedhas
Gozag
Makhleb
Qazlal
Trog


Innate Abilities, Weirdness & Mutations

You reflexively headbutt those who attack you in melee.
You have a pair of horns on your head.


Message History

You are no longer berserk.
You are exhausted.
You feel yourself slow down.
You are feeling hungry.
The orc warrior hits you from afar with a halberd.
The kobold shoots a bolt.
The bolt hits you! The gnoll closely misses you.
The centaur unwields an uncursed shortbow.
The centaur hits you.
You hit the centaur but do no damage. Your headbutt misses the centaur.
The centaur hits you.
* * * LOW HITPOINT WARNING * * *
The orc warrior closely misses you.
The kobold shoots a bolt.
The bolt hits you.
* * * LOW HITPOINT WARNING * * *
You hit the centaur but do no damage.
The gnoll hits you from afar with a halberd.
* * * LOW HITPOINT WARNING * * *
The centaur hits you but does no damage.
The orc warrior hits you from afar with a halberd!!
You die...

.............#
...P.P.......)....
P..P♣P♣P.....P.P..
P..PP♣PP.....P♣P..
♣..P ♣♣♣....♣PPP♣P
############'''#PPPPP
#......$...#...#P♣♣♣P
#.....$K...#.>.### #♣
#..c@$g....#...# ♣
#$$.(.o..$.#...#
####'(########'#
+....(......)))+
+....(....).).(+
################


You could see an orc warrior, a centaur, a gnoll and a kobold.

Vanquished Creatures
  The ghost of vetinari the Ruffian, an amateur TrMo of Cheibriados (D:4)
  Eustachio (D:6)
  2 ice beasts (D:5)
  2 ogres (D:6)
  A centaur (D:5)
  A bullfrog (D:6)
  3 wights (D:6)
  A howler monkey (D:6)
  3 hounds (D:6)
  An orc priest (D:6)
  2 jellies
  A centaur skeleton (D:6)
  3 orc wizards
  4 worker ants (D:4)
  A hound zombie (D:6)
  3 gnolls (D:6)
  3 adders
  An ooze (D:3)
  3 worms
  A dart slug (D:5)
  17 orcs
  7 bats
  6 giant cockroaches
  4 goblins
  8 hobgoblins
  9 jackals
  2 quokkas
  A ball python (D:2)
  A frilled lizard (D:1)
  A jackal skeleton (D:4)
  7 kobolds
  4 rats
105 creatures vanquished.

Notes
Turn   | Place    | Note
-------+----------+-------------------------------------------
     0 | D:1      | Naow the Minotaur Berserker began the quest for the Orb.
     0 | D:1      | Reached XP level 1. HP: 19/19 MP: 0/0
    55 | D:1      | Reached XP level 2. HP: 19/27 MP: 1/1
    65 | D:1      | Reached skill level 4 in Axes
   966 | D:2      | Reached XP level 3. HP: 31/33 MP: 2/2
  1175 | D:2      | Reached skill level 5 in Axes
  1256 | D:2      | Reached ** piety under Trog
  1711 | D:3      | Reached XP level 4. HP: 39/40 MP: 3/3
  1796 | D:3      | Found a shadowy altar of Dithmenos.
  1797 | D:3      | Found a stormy altar of Qazlal.
  1800 | D:3      | Found a blossoming altar of Fedhas.
  1800 | D:3      | Found a bloodstained altar of Trog.
  2030 | D:3      | Reached skill level 6 in Axes
  2091 | D:4      | Reached XP level 5. HP: 30/46 MP: 4/4
  2441 | D:4      | Found an opulent altar of Gozag.
  2515 | D:4      | Reached skill level 7 in Axes
  2614 | D:4      | Found a burning altar of Makhleb.
  2686 | D:4      | Noticed vetinari's ghost (amateur TrMo)
  2697 | D:4      | Killed vetinari's ghost
  2697 | D:4      | Reached skill level 8 in Axes
  2697 | D:4      | Reached XP level 6. HP: 52/52 MP: 5/5
  3289 | D:5      | Entered Level 5 of the Dungeon
  3386 | D:5      | Reached skill level 9 in Axes
  3432 | D:5      | Noticed an ice beast
  3446 | D:5      | Killed an ice beast
  3446 | D:5      | Reached XP level 7. HP: 35/59 MP: 6/6
  3538 | D:5      | Reached skill level 10 in Axes
  3785 | D:5      | Found a staircase to the Ecumenical Temple.
  4038 | D:6      | Noticed Eustachio
  4171 | D:6      | Reached skill level 11 in Axes
  4237 | D:6      | Reached XP level 8. HP: 46/66 MP: 7/7
  4266 | D:6      | Killed Eustachio
  4319 | D:6      | Reached *** piety under Trog
  4319 | D:6      | Reached skill level 12 in Axes
  4635 | D:6      | Slain by an orc warrior

Vault maps used:
D:1:      elethiomel_arrival_infinity_welcomes_careful_drivers,
          corexii_corridor_pit, st_stairs_10, hex_intersection,
          kennysheep_another_room, grunt_decor_arrowhead,
          grunt_decor_resistance, lemuel_another_geyser
D:3:      grunt_temple_overflow_open, feat_on_display
D:4:      kennysheep_big_flooded_room, grunt_gozag_breadcrumbs,
          lightli_temple_of_fire, first_bread
D:6:      kennysheep_housing_project, gammafunk_temple_overflow_statue,
          uniq_eustachio

Skill      XL: |  1  2  3  4  5  6  7  8 |
---------------+-------------------------+-----
Fighting       | 4 |  4.0
Axes           | 4 5 6 8 9 11 12 | 12.6
Armour         | |  2.4
Dodging        | |  2.3

Action                   |  1- 3 |  4- 6 |  7- 9 || total
-------------------------+-------+-------+-------++-------
Melee: Hand axe          |    78 |   101 |   102 ||   281
       Headbutt          |     8 |    26 |    23 ||    57
Invok: Berserk           |     1 |     2 |     7 ||    10
       Trog's Hand       |       |     2 |     2 ||     4
  Eat: Chunk             |     3 |     8 |    12 ||    23
Armor: Animal skin       |    10 |       |       ||    10
       Ring mail         |     5 |    33 |    32 ||    70
Dodge: Dodged            |    49 |    49 |    49 ||   147
